AoeStats
← daddeldida

Arena

509955198Analyzed
4v4 RM · 4d ago on Sep 28, 2026· 45m 18s· 8 players
Game mode
Random Map
Map size
Large (8 player)
Population
200
Speed
Normal
Resources
Standard
Victory
Conquest
Starting age
Dark Age
Ending age
Imperial Age
RankedLock teamsTeams togetherTeam positionsShared explorationLock speedFull tech treeHidden civsTurbo modeCheats
Victory
Defeat
🇹🇼 Cumans · Taiwan
1472
+9
🇹🇼 Varangians · Taiwan
1460
+10
🇩🇪 Bohemians · Germany
1459
+10
🇨🇳 Mongols · China
1393
+12
🇩🇪 Cumans · Germany
1413
-13
🇩🇪 Hindustanis · Germany
1316
-10
🇩🇪 Khmer · Germany
1273
-9
🇩🇪 Britons · Germany
1266
-9
牛比无极限
9:13 Feudal Age
13:59 Castle Age
12:10 Double-Bit Axe
12:17 Horse Collar
13:35 Loom
40:13 Wheelbarrow
45:52 Imperial Age
43:46 Hand Cart
44:41 Gold Mining
44:57 Heavy Plow
45:09 Bow Saw
45:58 Husbandry
LinCS
9:43 Feudal Age
13:44 Castle Age
12:26 Double-Bit Axe
12:53 Horse Collar
14:55 Bow Saw
21:03 Wheelbarrow
21:06 Scale Barding Armor
22:51 Chain Barding Armor
23:56 Forging
24:35 Heavy Plow
24:30 Stone Mining
25:08 Hand Cart
26:02 Iron Casting
25:44 Gold Mining
26:43 Stone Shaft Mining
28:31 Bloodlines
28:22 Husbandry
28:59 Loom
31:58 Imperial Age
31:16 Treadmill Crane
31:57 Vendel Legacy
33:09 Conscription
33:26 Plate Barding Armor
32:13 Cavalier
34:11 Elite Jarl
38:54 Light Cavalry
39:35 Hussar
42:11 Siege Engineers
42:16 Masonry
44:38 Coinage
44:53 Architecture
44:45 Ballistics
45:15 Fletching
46:25 Blast Furnace
ss839059
8:51 Feudal Age
9:29 Double-Bit Axe
9:39 Horse Collar
14:54 Loom
18:44 Bloodlines
18:59 Scale Barding Armor
27:06 Castle Age
28:04 Wheelbarrow
28:36 Bow Saw
28:26 Heavy Plow
32:33 Coinage
37:59 Imperial Age
35:34 Scale Mail Armor
36:09 Forging
37:07 Chain Mail Armor
36:14 Pikeman
36:55 Squires
36:41 Arson
37:59 Iron Casting
37:50 Hand Cart
37:21 Town Watch
37:52 Gold Mining
37:53 Stone Mining
39:59 Two-Man Saw
38:36 Onager
39:42 Conscription
40:16 Banking
40:19 Crop Rotation
41:44 Plate Mail Armor
41:21 Siege Onager
41:49 Halberdier
42:15 Arson
43:36 Blast Furnace
43:25 Ballistics
44:06 Chemistry
naschnator
10:59 Feudal Age
9:53 Loom
14:40 Castle Age
13:19 Double-Bit Axe
13:14 Horse Collar
13:52 Town Watch
16:41 Wheelbarrow
16:27 Bow Saw
22:57 Fervor
26:51 Imperial Age
24:58 Scale Mail Armor
26:03 Chemistry
24:39 Pikeman
25:59 Squires
26:18 Chain Mail Armor
27:20 Halberdier
28:14 Forging
28:25 Heavy Plow
31:18 Plate Mail Armor
31:23 Iron Casting
32:09 Hand Cart
33:31 Iron Casting
32:49 Fletching
34:28 Elite Skirmisher
35:10 Padded Archer Armor
35:06 Bodkin Arrow
36:37 Siege Engineers
36:42 Masonry
37:46 Conscription
39:59 Leather Archer Armor
40:45 Blast Furnace
40:30 Wagenburg Tactics
42:00 Bracer
42:30 Ring Archer Armor
41:26 Houfnice
44:58 Caravan
daddeldida
9:36 Feudal Age
10:07 Double-Bit Axe
10:46 Loom
13:54 Fletching
16:59 Padded Archer Armor
22:37 Horse Collar
27:08 Wheelbarrow
28:45 Castle Age
26:54 Gold Mining
29:01 Crossbowman
29:40 Bodkin Arrow
30:34 Bow Saw
35:12 Ballistics
38:47 Wheelbarrow
39:41 Gold Shaft Mining
40:28 Leather Archer Armor
47:59 Imperial Age
Nitrozwerg/Janik
12:15 Feudal Age
12:31 Feudal Age
15:30 Castle Age
18:08 Double-Bit Axe
23:27 Bow Saw
22:59 Horse Collar
23:11 Gold Mining
24:01 Wheelbarrow
24:20 Heavy Plow
24:59 Scale Barding Armor
25:50 Bloodlines
26:34 Chain Barding Armor
26:21 Loom
30:14 Imperial Age
31:22 Town Watch
31:53 Hand Cart
34:59 Plate Barding Armor
34:35 Forging
38:07 Double Crossbow
39:23 Conscription
39:01 Heavy Scorpion
Mario Hennisch
10:20 Feudal Age
8:38 Loom
11:14 Horse Collar
11:19 Double-Bit Axe
11:47 Gold Mining
19:12 Wheelbarrow
25:40 Castle Age
26:50 Heavy Plow
27:02 Bow Saw
27:30 Gold Shaft Mining
26:45 Stone Mining
27:37 Hand Cart
32:09 Imperial Age
29:26 Town Watch
30:27 Bloodlines
29:37 Light Cavalry
30:29 Scale Barding Armor
31:24 Forging
31:10 Stone Mining
32:55 Chain Barding Armor
34:05 Crop Rotation
34:51 Two-Man Saw
34:04 Elite Steppe Lancer
35:38 Iron Casting
36:51 Conscription
36:45 Cavalier
38:13 Hussar
39:09 Elite Skirmisher
39:44 Fletching
40:54 Blast Furnace
42:24 Bodkin Arrow
42:30 Padded Archer Armor
43:05 Plate Barding Armor
43:28 Leather Archer Armor
43:15 Scale Mail Armor
45:28 Ring Archer Armor
[PFFFT]Barbie
9:40 Feudal Age
12:15 Double-Bit Axe
19:39 Castle Age
17:27 Loom
17:26 Horse Collar
18:09 Bloodlines
18:55 Gold Mining
20:30 Husbandry
22:23 Bow Saw
24:42 Heavy Plow
27:16 Wheelbarrow
27:12 Scale Barding Armor
28:53 Gold Shaft Mining
28:11 Stone Mining
28:40 Forging
31:36 Chain Barding Armor
31:51 Iron Casting
33:15 Hand Cart
32:47 Town Watch
32:30 Light Cavalry
33:48 Scale Mail Armor
33:12 Pikeman
33:57 Squires
35:03 Stone Mining
45:23 Imperial Age
43:49 Chain Mail Armor
Connection lost

Rejoining the realm…

Still unreachable

The connection could not be restored.

Session expired

The server has moved on; the page needs a fresh start.